Penguins vs Rocket
Created - May 14, 2022 at 20:02
Goals
|
| Penguins |
0 |
1 |
3 |
4 |
| Rocket |
1 |
1 |
3 |
5 |
|
Shots
|
| Penguins |
11 |
13 |
11 |
35 |
| Rocket |
8 |
11 |
15 |
34 |
|
1st period
1. Rocket , Adrian Kempe 32 (Peter Holland 32, Andrey Pedan 11) at 6:48
Penalties :
Danton Heinen (Lav) for High sticking (Minor) at 2:53
2nd period
2. Rocket , Jiri Sekac 11 (Dominic Turgeon 12) at 0:44
3. Penguins , Vince Hinostroza 28 (Cedric Paquette 49, Kyle Connor 20) at 9:35
Penalties :
Adrian Kempe (Lav) for Slashing (Minor) at 7:00
3rd period
4. Rocket , Brandon Pirri 29 (Viktor Loov 27, Mattias Tedenby 45) at 5:18
5. Penguins , Juuso Ikonen 3 (Gavin Bayreuther 21) at 6:53
6. Penguins , Roope Hintz 18 (Andy Andreoff 23, Josh Jooris 42) at 8:54 (PP)
7. Penguins , Cedric Paquette 20 (Andrew O'Brien 24, Curtis Hamilton 4) at 10:36 (SH)
8. Rocket , Luca Sbisa 9 (Andrey Pedan 12) at 10:46 (PP)
9. Rocket , Adrian Kempe 33 (Danton Heinen 47, Peter Holland 33) at 13:33 (PP)
Penalties :
Dean Kukan (Lav) for Cross-checking (Minor) at 8:46, Dakota Mermis (Wil) for High sticking (Minor) at 9:44, Gavin Bayreuther (Wil) for Hooking (Minor) at 13:24, Ty Rattie (Lav) for Charging (Minor) at 14:56, Josh Jooris (Wil) for Interference (Minor) at 18:04
Goalie Stats
Connor Hellebyuk (Wil), 29 saves from 34 shots - (0.853), L, 22-25-1, 60:00 minutes
Igor Shesterkin (Lav), 31 saves from 35 shots - (0.886), W, 31-14-2, 60:00 minutes
Players Stats for Penguins
Player Name G A P +/- PIM S H SB GA TA FO MP PP MP PK MP
------------------------------------------------------------------------------------
Adam Brooks 0 0 0 0 0 0 2 0 0 0 0/3 8:31 0:00 0:18
Andrew O'Brien 0 1 1 0 0 2 1 0 0 1 0/0 29:36 4:45 1:41
Andy Andreoff 0 1 1 -1 0 5 1 0 1 0 0/1 21:26 2:39 1:50
Anthony Beauvillier 0 0 0 0 0 2 0 0 0 0 0/0 8:13 0:00 0:00
Cedric Paquette 1 1 2 1 0 2 2 1 0 0 5/7 18:41 3:26 0:58
Christopher Tanev 0 0 0 0 0 2 0 0 0 0 0/0 29:36 4:45 1:41
Curtis Hamilton 0 1 1 1 0 5 2 0 0 0 0/0 12:12 0:00 0:50
Dakota Mermis 0 0 0 0 2 0 0 0 0 1 0/0 18:42 1:20 1:04
Danny Biega 0 0 0 0 0 0 1 0 1 1 0/0 19:04 1:20 1:25
Frederick Gaudreau 0 0 0 0 0 1 1 0 1 2 0/2 11:22 0:00 0:00
Gavin Bayreuther 0 1 1 0 2 2 1 0 0 1 0/0 11:40 0:00 0:21
Iven Barbashev 0 0 0 0 0 1 4 0 0 0 1/2 11:22 0:00 0:00
John Marino 0 0 0 0 0 1 2 1 0 0 0/0 11:20 0:00 0:00
Josh Jooris 0 1 1 -1 2 2 1 0 0 0 2/5 19:35 2:39 0:00
Juuso Ikonen 1 0 1 0 0 1 1 0 0 1 0/0 8:13 0:00 0:00
Kyle Connor 0 1 1 0 0 3 1 0 0 0 0/2 18:09 3:26 0:26
Roope Hintz 1 0 1 -1 0 3 1 0 1 0 26/45 21:26 2:39 1:50
Vince Hinostroza 1 0 1 0 0 3 6 0 1 2 0/0 17:43 3:26 0:00
Players Stats for Rocket
Player Name G A P +/- PIM S H SB GA TA FO MP PP MP PK MP
------------------------------------------------------------------------------------
Adam Fox 0 0 0 1 0 1 1 2 2 0 0/0 23:56 2:00 0:08
Adrian Kempe 2 0 2 0 2 5 1 0 1 0 0/0 16:34 1:28 0:57
Andrei Mironov 0 0 0 0 0 0 1 0 0 0 0/0 16:30 0:00 0:00
Andrey Pedan 0 2 2 0 0 3 2 1 0 1 0/0 20:06 1:06 2:30
Brandon Pirri 1 0 1 -1 0 5 1 0 1 0 0/1 21:10 1:38 0:27
Corey Trivino 0 0 0 -1 0 4 4 1 1 1 17/33 21:28 1:38 0:45
Danton Heinen 0 1 1 1 2 1 2 0 1 0 0/1 14:55 1:28 0:00
Dean Kukan 0 0 0 -1 2 0 0 2 0 0 0/0 15:57 0:00 3:27
Dominic Turgeon 0 1 1 1 0 1 0 1 1 1 7/16 14:39 0:00 3:24
Jakub Vrana 0 0 0 -1 0 2 0 0 0 0 0/0 10:19 0:00 3:24
Jiri Sekac 1 0 1 1 0 1 0 0 2 0 0/0 11:15 0:00 0:00
Kole Sherwood 0 0 0 1 0 0 2 0 0 0 0/1 11:15 0:00 0:00
Luca Sbisa 1 0 1 0 0 2 1 1 0 1 0/0 14:39 1:06 2:30
Mason Appleton 0 0 0 -1 0 1 0 0 0 1 1/3 8:57 0:00 1:56
Mattias Tedenby 0 1 1 0 0 3 3 1 0 0 0/1 20:07 1:38 0:00
Peter Holland 0 2 2 1 0 3 0 0 0 0 8/11 14:56 1:28 0:00
Ty Rattie 0 0 0 -1 2 1 4 0 0 0 0/0 8:17 0:00 1:17
Viktor Loov 0 1 1 0 0 1 2 2 0 0 0/0 28:51 2:00 3:35
3 Stars
1 - Cedric Paquette (Wil)
2 - Adrian Kempe (Lav)
3 - Vince Hinostroza (Wil)
Power Play
Penguins - 1 on 4 Attempt(s) - 25.00%
Rocket - 2 on 3 Attempt(s) - 66.67%
Penalty Kill
Penguins - 1 on 3 Attempt(s) - 33.33%
- Score 1 goal in Penalty Kill
Rocket - 3 on 4 Attempt(s) - 75.00%
- Score 0 goal in Penalty Kill
Team Stat
Penguins - Hits : 27 - Faceoff Wins : 34 - Blocked Shots : 2 - Penalty Minutes : 6
Rocket - Hits : 24 - Faceoff Wins : 33 - Blocked Shots : 11 - Penalty Minutes : 8
Official
Referees : Marc Joannette and Brian Pochmara
Linesman : Andrew Smith and Brad Kovachik
Game Notes
No Game Note
Finance
Level 1 -- Attendance: 1742 (87.10%) -- Ticket Income $60,970
Level 2 -- Attendance: 985 (98.50%) -- Ticket Income $14,775
Total Attendance: 2727 (90.90%)
Total Ticket Income: $75,745
Other Income: $3,787
Total Income: $79,532
Penguins
5 vs 5 Forward
Center Left Wing Right Wing Time % Phy DF OF
1 Roope Hintz Andy Andreoff Josh Jooris 40 1 2 2
2 Cedric Paquette Kyle Connor Vince Hinostroza 30 1 2 2
3 Frederick Gaudreau Curtis Hamilton Iven Barbashev 20 1 2 2
4 Adam Brooks Juuso Ikonen Anthony Beauvillier 10 1 2 2
5 vs 5 Defense
Defense Defense Time % Phy DF OF
1 Christopher Tanev Andrew O'Brien 40 1 2 2
2 Dakota Mermis Danny Biega 30 1 2 2
3 Gavin Bayreuther John Marino 20 1 2 2
4 Christopher Tanev Andrew O'Brien 10 1 2 2
PowerPlay Forward
Center Left Wing Right Wing Time % Phy DF OF
1 Roope Hintz Andy Andreoff Josh Jooris 60 1 2 2
2 Cedric Paquette Kyle Connor Vince Hinostroza 40 1 2 2
PowerPlay Defense
Defense Defense Time % Phy DF OF
1 Christopher Tanev Andrew O'Brien 60 1 2 2
2 Dakota Mermis Danny Biega 40 1 2 2
Penalty Kill 4 Players Forward
Center Wing Time % Phy DF OF
1 Roope Hintz Andy Andreoff 60 1 2 2
2 Cedric Paquette Kyle Connor 40 1 2 2
Penalty Kill 4 Players Defense
Defense Defense Time % Phy DF OF
1 Christopher Tanev Andrew O'Brien 60 1 2 2
2 Dakota Mermis Danny Biega 40 1 2 2
Penalty Kill - 3 Players Forward
Forward Time % Phy DF OF
1 Roope Hintz 60 1 2 2
2 Cedric Paquette 40 1 2 2
Penalty Kill - 3 Players Defense
Defense Defense Time % Phy DF OF
1 Christopher Tanev Andrew O'Brien 60 1 2 2
2 Dakota Mermis Danny Biega 40 1 2 2
4 vs 4 Forward
Center Wing Time % Phy DF OF
1 Roope Hintz Andy Andreoff 60 1 2 2
2 Cedric Paquette Kyle Connor 40 1 2 2
4 vs 4 Defense
Defense Defense Time % Phy DF OF
1 Christopher Tanev Andrew O'Brien 60 1 2 2
2 Dakota Mermis Danny Biega 40 1 2 2
Last Minutes Offensive
Center Left Wing Right Wing Defense Defense
Roope Hintz Andy Andreoff Josh Jooris Christopher Tanev Andrew O'Brien
Last Minutes Defensive
Center Left Wing Right Wing Defense Defense
Roope Hintz Andy Andreoff Josh Jooris Christopher Tanev Andrew O'Brien
Goaltenders
Starting : Connor Hellebyuk
Backup : Anthony Stolarz
Extra Forwards
Normal : Cedric Paquette, Frederick Gaudreau, Iven Barbashev - PP : Cedric Paquette, Frederick Gaudreau - PK : Cedric Paquette
Extra Defensemen
Normal : Danny Biega, Gavin Bayreuther, John Marino - PP : Danny Biega - PK : Danny Biega, Gavin Bayreuther
Penalty Shots
Josh Jooris, Andy Andreoff, Vince Hinostroza, Roope Hintz, Cedric Paquette
Scratches
Brett Pollock (Healthy), Denis Malgin (Healthy), Josh Ho-Sang (Healthy), Matthew Finn (Healthy), Max Gortz (Healthy)
Raphael Bussieres (Healthy), Sam Kurker (Healthy), Steven Spinner (Healthy), German Rubtsov (Healthy)
Rocket
5 vs 5 Forward
Center Left Wing Right Wing Time % Phy DF OF
1 Corey Trivino Brandon Pirri Mattias Tedenby 40 1 2 2
2 Peter Holland Adrian Kempe Danton Heinen 30 1 2 2
3 Dominic Turgeon Jiri Sekac Kole Sherwood 20 1 2 2
4 Mason Appleton Jakub Vrana Ty Rattie 10 1 2 2
5 vs 5 Defense
Defense Defense Time % Phy DF OF
1 Viktor Loov Adam Fox 40 1 2 2
2 Andrey Pedan Andrei Mironov 30 1 2 2
3 Dean Kukan Luca Sbisa 20 1 2 2
4 Viktor Loov Adam Fox 10 1 2 2
PowerPlay Forward
Center Left Wing Right Wing Time % Phy DF OF
1 Corey Trivino Brandon Pirri Mattias Tedenby 60 0 1 4
2 Peter Holland Adrian Kempe Danton Heinen 40 0 1 4
PowerPlay Defense
Defense Defense Time % Phy DF OF
1 Viktor Loov Adam Fox 60 0 1 4
2 Andrey Pedan Luca Sbisa 40 0 1 4
Penalty Kill 4 Players Forward
Center Wing Time % Phy DF OF
1 Dominic Turgeon Jakub Vrana 60 0 4 1
2 Mason Appleton Ty Rattie 40 0 4 1
Penalty Kill 4 Players Defense
Defense Defense Time % Phy DF OF
1 Viktor Loov Dean Kukan 60 0 5 0
2 Andrey Pedan Luca Sbisa 40 0 5 0
Penalty Kill - 3 Players Forward
Forward Time % Phy DF OF
1 Dominic Turgeon 60 0 5 0
2 Corey Trivino 40 0 5 0
Penalty Kill - 3 Players Defense
Defense Defense Time % Phy DF OF
1 Luca Sbisa Andrey Pedan 60 0 5 0
2 Andrei Mironov Viktor Loov 40 0 5 0
4 vs 4 Forward
Center Wing Time % Phy DF OF
1 Mattias Tedenby Corey Trivino 60 0 2 3
2 Brandon Pirri Adrian Kempe 40 0 2 3
4 vs 4 Defense
Defense Defense Time % Phy DF OF
1 Viktor Loov Adam Fox 60 0 2 3
2 Andrey Pedan Luca Sbisa 40 0 2 3
Last Minutes Offensive
Center Left Wing Right Wing Defense Defense
Corey Trivino Brandon Pirri Mattias Tedenby Viktor Loov Adam Fox
Last Minutes Defensive
Center Left Wing Right Wing Defense Defense
Corey Trivino Brandon Pirri Mattias Tedenby Luca Sbisa Dean Kukan
Goaltenders
Starting : Igor Shesterkin
Backup : Sami Aittokallio
Extra Forwards
Normal : Danton Heinen, Adrian Kempe, Mattias Tedenby - PP : Mattias Tedenby, Danton Heinen - PK : Dominic Turgeon
Extra Defensemen
Normal : Andrei Mironov, Adam Fox, Andrey Pedan - PP : Andrei Mironov - PK : Adam Fox, Andrey Pedan
Penalty Shots
Mattias Tedenby, Corey Trivino, Brandon Pirri, Adrian Kempe, Danton Heinen
Scratches
Daniel Sprong (Healthy), Dylan DeMelo (Healthy), Guillaume Brisebois (Healthy), Jack Glover (Bruised Right Foot Injury), Ryan Collins (Healthy)
Sergey Tolchinsky (Healthy), Tyler Lewington (Healthy), Karson Kuhlman (Healthy), Luke Kunin (Healthy), Mikhail Maltsev (Healthy)
% Time on Ice - Penguins
Lines # - Real PCT - Wanted PCT - Time Play
Normal Forward
1 - 33% - 40% - 16:57
2 - 28% - 30% - 14:17
3 - 22% - 20% - 11:22
4 - 16% - 10% - 8:13
Normal Defense
1 - 40% - 40% - 20:24
2 - 32% - 30% - 16:19
3 - 22% - 20% - 11:20
4 - 5% - 10% - 2:46
PP Forward
1 - 44% - 60% - 2:39
2 - 56% - 40% - 3:26
PP Defense
1 - 78% - 60% - 4:45
2 - 22% - 40% - 1:20
PK Forward
1 - 86% - 60% - 2:40
2 - 14% - 40% - 0:26
PK Defense
1 - 54% - 60% - 1:41
2 - 46% - 40% - 1:25
PK3 Forward
1 - 0% - 60%
2 - 0% - 40%
PK3 Defense
1 - 0% - 60%
2 - 0% - 40%
44 Forward
1 - 0% - 60%
2 - 0% - 40%
44 Defense
1 - 0% - 60%
2 - 0% - 40%
Last Minute Offensive - 0:00
Last Minute Defensive - 0:00
Total
Forward - 60:00
Defense - 60:00
|
% Time on Ice - Rocket
Lines # - Real PCT - Wanted PCT - Time Play
Normal Forward
1 - 38% - 40% - 19:05
2 - 27% - 30% - 13:34
3 - 22% - 20% - 11:15
4 - 14% - 10% - 6:55
Normal Defense
1 - 40% - 40% - 20:09
2 - 32% - 30% - 16:30
3 - 22% - 20% - 11:03
4 - 6% - 10% - 3:07
PP Forward
1 - 53% - 60% - 1:38
2 - 47% - 40% - 1:28
PP Defense
1 - 65% - 60% - 2:00
2 - 35% - 40% - 1:06
PK Forward
1 - 68% - 60% - 4:09
2 - 32% - 40% - 1:56
PK Defense
1 - 59% - 60% - 3:35
2 - 41% - 40% - 2:30
PK3 Forward
1 - 0% - 60%
2 - 0% - 40%
PK3 Defense
1 - 0% - 60%
2 - 0% - 40%
44 Forward
1 - 0% - 60%
2 - 0% - 40%
44 Defense
1 - 0% - 60%
2 - 0% - 40%
Last Minute Offensive - 0:00
Last Minute Defensive - 0:00
Total
Forward - 60:00
Defense - 60:00
|
Play-by-Play
1st period
0:01 of 1st period - Corey Trivino wins face-off versus Roope Hintz in neutral zone.
0:32 of 1st period - Wrist shot by Kyle Connor.
0:32 of 1st period - Stopped by Igor Shesterkin without a rebound.
0:33 of 1st period - Dominic Turgeon wins face-off versus Frederick Gaudreau in Rocket zone.
0:48 of 1st period - Wrist shot by Curtis Hamilton.
0:48 of 1st period - Stopped by Igor Shesterkin with a rebound.
0:58 of 1st period - Juuso Ikonen is hit by Ty Rattie and loses puck.
1:19 of 1st period - Vince Hinostroza is hit by Brandon Pirri.
1:27 of 1st period - Snap shot by Corey Trivino.
1:27 of 1st period - Stopped by Connor Hellebyuk without a rebound.
1:28 of 1st period - Peter Holland wins face-off versus Roope Hintz in Penguins zone.
1:41 of 1st period - Snap shot by Andy Andreoff.
1:41 of 1st period - Shot Blocked by Luca Sbisa.
1:53 of 1st period - Brandon Pirri is hit by Vince Hinostroza.
2:16 of 1st period - Off-side.
2:17 of 1st period - Dominic Turgeon wins face-off versus Iven Barbashev in neutral zone.
2:30 of 1st period - Snap shot by Curtis Hamilton.
2:30 of 1st period - Stopped by Igor Shesterkin without a rebound.
2:31 of 1st period - Peter Holland wins face-off versus Roope Hintz in Rocket zone.
2:53 of 1st period - Minor Penalty to Danton Heinen for High sticking.
2:54 of 1st period - Roope Hintz wins face-off versus Dominic Turgeon in Rocket zone.
3:30 of 1st period - Snap shot by Christopher Tanev.
3:30 of 1st period - Shot Blocked by Viktor Loov.
4:53 of 1st period - Penalty to Danton Heinen is over, Danton Heinen is back on ice.
5:21 of 1st period - Dean Kukan is hit by Adam Brooks and loses puck.
6:01 of 1st period - Andrey Pedan is hit by Juuso Ikonen and loses puck.
6:20 of 1st period - Andrey Pedan is hit by Curtis Hamilton and loses puck.
6:42 of 1st period - Slapshot by Andrey Pedan.
6:42 of 1st period - Stopped by Connor Hellebyuk with a rebound.
6:44 of 1st period - Snap shot by Adrian Kempe.
6:44 of 1st period - Stopped by Connor Hellebyuk with a rebound.
6:46 of 1st period - Snap shot by Peter Holland.
6:46 of 1st period - Shot Misses the Net.
6:48 of 1st period - Wrist shot by Adrian Kempe.
6:48 of 1st period - Goal by Adrian Kempe - Penguins : 0 - Rocket : 1.
6:49 of 1st period - Roope Hintz wins face-off versus Corey Trivino in neutral zone.
6:52 of 1st period - Snap shot by Andy Andreoff.
6:52 of 1st period - Shot Misses the Net.
6:54 of 1st period - Slapshot by Josh Jooris.
6:54 of 1st period - Shot Blocked by Corey Trivino.
6:56 of 1st period - Slapshot by Roope Hintz.
6:56 of 1st period - Shot Misses the Net.
7:02 of 1st period - Slapshot by Andy Andreoff.
7:02 of 1st period - Stopped by Igor Shesterkin with a rebound.
7:35 of 1st period - Wrist shot by Jiri Sekac.
7:35 of 1st period - Shot Misses the Net.
7:43 of 1st period - Snap shot by Iven Barbashev.
7:43 of 1st period - Deflect By Frederick Gaudreau.
7:43 of 1st period - Shot Blocked by Dominic Turgeon.
7:43 of 1st period - Puck is out of play.
7:44 of 1st period - Josh Jooris wins face-off versus Corey Trivino in Rocket zone.
7:52 of 1st period - Slapshot by Josh Jooris.
7:52 of 1st period - Shot Misses the Net.
7:54 of 1st period - Snap shot by Roope Hintz.
7:54 of 1st period - Shot Blocked by Dean Kukan.
7:56 of 1st period - Snap shot by Christopher Tanev.
7:56 of 1st period - Stopped by Igor Shesterkin with a rebound.
7:58 of 1st period - Snap shot by Josh Jooris.
7:58 of 1st period - Deflect By Andy Andreoff.
7:58 of 1st period - Stopped by Igor Shesterkin with a rebound.
8:22 of 1st period - Snap shot by Danton Heinen.
8:22 of 1st period - Stopped by Connor Hellebyuk without a rebound.
8:23 of 1st period - Roope Hintz wins face-off versus Mason Appleton in Penguins zone.
8:46 of 1st period - Vince Hinostroza is hit by Mattias Tedenby and loses puck.
8:55 of 1st period - Snap shot by Mattias Tedenby.
8:55 of 1st period - Stopped by Connor Hellebyuk with a rebound.
9:11 of 1st period - Christopher Tanev is hit by Andrei Mironov and loses puck.
10:38 of 1st period - Backhand shot by Josh Jooris.
10:38 of 1st period - Stopped by Igor Shesterkin without a rebound.
10:39 of 1st period - Roope Hintz wins face-off versus Danton Heinen in Rocket zone.
10:40 of 1st period - Wrist shot by Josh Jooris.
10:40 of 1st period - Stopped by Igor Shesterkin without a rebound.
10:41 of 1st period - Corey Trivino wins face-off versus Roope Hintz in Rocket zone.
11:06 of 1st period - Dean Kukan is hit by Vince Hinostroza and loses puck.
11:11 of 1st period - Snap shot by Vince Hinostroza.
11:11 of 1st period - Shot Misses the Net.
11:35 of 1st period - Viktor Loov is hit by Frederick Gaudreau and loses puck.
11:56 of 1st period - Slapshot by Jakub Vrana.
11:56 of 1st period - Stopped by Connor Hellebyuk with a rebound.
12:40 of 1st period - Snap shot by Vince Hinostroza.
12:40 of 1st period - Stopped by Igor Shesterkin with a rebound.
15:20 of 1st period - Gavin Bayreuther is hit by Viktor Loov and loses puck.
15:52 of 1st period - Adam Brooks is hit by Ty Rattie and loses puck.
16:09 of 1st period - Wrist shot by Andy Andreoff.
16:09 of 1st period - Stopped by Igor Shesterkin with a rebound.
16:33 of 1st period - Danton Heinen is hit by Cedric Paquette and loses puck.
16:53 of 1st period - Iven Barbashev is hit by Danton Heinen.
18:25 of 1st period - Andrei Mironov is hit by Adam Brooks and loses puck.
18:38 of 1st period - Wrist shot by Frederick Gaudreau.
18:38 of 1st period - Shot Misses the Net.
18:52 of 1st period - Andrey Pedan is hit by Vince Hinostroza and loses puck.
19:05 of 1st period - Wrist shot by Peter Holland.
19:05 of 1st period - Stopped by Connor Hellebyuk with a rebound.
19:35 of 1st period - Slapshot by Brandon Pirri.
19:35 of 1st period - Shot Misses the Net.
19:47 of 1st period - Backhand shot by Cedric Paquette.
19:47 of 1st period - Stopped by Igor Shesterkin with a rebound.
Goals for this period are 0 for Penguins vs 1 for Rocket.
Shots for this period are 11 for Penguins vs 8 for Rocket.
2nd period
0:01 of 2nd period - Roope Hintz wins face-off versus Corey Trivino in neutral zone.
0:37 of 2nd period - Wrist shot by Peter Holland.
0:37 of 2nd period - Stopped by Connor Hellebyuk without a rebound.
0:38 of 2nd period - Dominic Turgeon wins face-off versus Roope Hintz in Penguins zone.
0:42 of 2nd period - Icing by Dakota Mermis.
0:43 of 2nd period - Dominic Turgeon wins face-off versus Andy Andreoff in Penguins zone.
0:44 of 2nd period - Snap shot by Jiri Sekac.
0:44 of 2nd period - Goal by Jiri Sekac - Penguins : 0 - Rocket : 2.
0:45 of 2nd period - Roope Hintz wins face-off versus Brandon Pirri in neutral zone.
0:52 of 2nd period - Snap shot by Andy Andreoff.
0:52 of 2nd period - Deflect By Mattias Tedenby.
0:52 of 2nd period - Stopped by Igor Shesterkin without a rebound.
0:53 of 2nd period - Corey Trivino wins face-off versus Roope Hintz in Rocket zone.
1:00 of 2nd period - Snap shot by Brandon Pirri.
1:00 of 2nd period - Stopped by Connor Hellebyuk without a rebound.
1:01 of 2nd period - Roope Hintz wins face-off versus Corey Trivino in Penguins zone.
1:08 of 2nd period - Wrist shot by Roope Hintz.
1:08 of 2nd period - Stopped by Igor Shesterkin without a rebound.
1:09 of 2nd period - Corey Trivino wins face-off versus Roope Hintz in Rocket zone.
1:14 of 2nd period - Wrist shot by Andy Andreoff.
1:14 of 2nd period - Shot Blocked by Mattias Tedenby.
1:16 of 2nd period - Snap shot by Roope Hintz.
1:16 of 2nd period - Deflect By Andy Andreoff.
1:16 of 2nd period - Shot Misses the Net.
1:16 of 2nd period - Puck is out of play.
1:17 of 2nd period - Corey Trivino wins face-off versus Roope Hintz in Rocket zone.
2:25 of 2nd period - Wrist shot by Ty Rattie.
2:25 of 2nd period - Stopped by Connor Hellebyuk with a rebound.
2:31 of 2nd period - Danny Biega is hit by Andrey Pedan and loses puck.
2:47 of 2nd period - Off-side.
2:48 of 2nd period - Peter Holland wins face-off versus Roope Hintz in neutral zone.
2:51 of 2nd period - Roope Hintz is hit by Adrian Kempe and loses puck.
2:58 of 2nd period - Slapshot by Christopher Tanev.
2:58 of 2nd period - Stopped by Igor Shesterkin without a rebound.
2:59 of 2nd period - Corey Trivino wins face-off versus Roope Hintz in Rocket zone.
3:36 of 2nd period - Snap shot by Danton Heinen.
3:36 of 2nd period - Shot Misses the Net.
4:08 of 2nd period - Wrist shot by Mason Appleton.
4:08 of 2nd period - Stopped by Connor Hellebyuk without a rebound.
4:09 of 2nd period - Mason Appleton wins face-off versus Adam Brooks in Penguins zone.
4:38 of 2nd period - Snap shot by Mattias Tedenby.
4:38 of 2nd period - Deflect By Brandon Pirri.
4:38 of 2nd period - Shot Misses the Net.
4:38 of 2nd period - Puck is out of play.
4:39 of 2nd period - Roope Hintz wins face-off versus Corey Trivino in Penguins zone.
4:48 of 2nd period - Snap shot by Andy Andreoff.
4:48 of 2nd period - Stopped by Igor Shesterkin with a rebound.
4:50 of 2nd period - Snap shot by Roope Hintz.
4:50 of 2nd period - Shot Misses the Net.
4:58 of 2nd period - Corey Trivino is hit by John Marino and loses puck.
5:11 of 2nd period - Wrist shot by Adrian Kempe.
5:11 of 2nd period - Stopped by Connor Hellebyuk without a rebound.
5:12 of 2nd period - Cedric Paquette wins face-off versus Peter Holland in Penguins zone.
5:54 of 2nd period - Snap shot by Kyle Connor.
5:54 of 2nd period - Shot Misses the Net.
5:56 of 2nd period - Slapshot by John Marino.
5:56 of 2nd period - Shot Blocked by Dean Kukan.
5:58 of 2nd period - Snap shot by John Marino.
5:58 of 2nd period - Deflect By Dean Kukan.
5:58 of 2nd period - Stopped by Igor Shesterkin with a rebound.
6:00 of 2nd period - Slapshot by Gavin Bayreuther.
6:00 of 2nd period - Stopped by Igor Shesterkin without a rebound.
6:01 of 2nd period - Corey Trivino wins face-off versus Roope Hintz in Rocket zone.
7:00 of 2nd period - Minor Penalty to Adrian Kempe for Slashing.
7:01 of 2nd period - Dominic Turgeon wins face-off versus Roope Hintz in Rocket zone.
7:11 of 2nd period - Andrey Pedan is hit by Roope Hintz and loses puck.
7:26 of 2nd period - Dominic Turgeon is hit by Kyle Connor and loses puck.
7:53 of 2nd period - Snap shot by Dominic Turgeon.
7:53 of 2nd period - Stopped by Connor Hellebyuk with a rebound.
8:56 of 2nd period - Viktor Loov is hit by Vince Hinostroza and loses puck.
9:00 of 2nd period - Penalty to Adrian Kempe is over, Adrian Kempe is back on ice.
9:35 of 2nd period - Slapshot by Vince Hinostroza.
9:35 of 2nd period - Goal by Vince Hinostroza - Penguins : 1 - Rocket : 2.
9:36 of 2nd period - Roope Hintz wins face-off versus Dominic Turgeon in neutral zone.
9:52 of 2nd period - Snap shot by Roope Hintz.
9:52 of 2nd period - Shot Blocked by Andrey Pedan.
10:02 of 2nd period - Andrey Pedan is hit by Iven Barbashev and loses puck.
10:27 of 2nd period - Anthony Beauvillier is hit by Ty Rattie and loses puck.
10:42 of 2nd period - Mattias Tedenby is hit by Andy Andreoff and loses puck.
11:01 of 2nd period - Kole Sherwood is hit by Iven Barbashev and loses puck.
11:07 of 2nd period - Off-side.
11:08 of 2nd period - Peter Holland wins face-off versus Adam Brooks in neutral zone.
11:11 of 2nd period - Wrist shot by Anthony Beauvillier.
11:11 of 2nd period - Stopped by Igor Shesterkin with a rebound.
11:36 of 2nd period - Slapshot by Andrey Pedan.
11:36 of 2nd period - Stopped by Connor Hellebyuk with a rebound.
11:40 of 2nd period - Snap shot by Mattias Tedenby.
11:40 of 2nd period - Shot Misses the Net.
11:42 of 2nd period - Snap shot by Corey Trivino.
11:42 of 2nd period - Stopped by Connor Hellebyuk with a rebound.
11:58 of 2nd period - Snap shot by Iven Barbashev.
11:58 of 2nd period - Stopped by Igor Shesterkin without a rebound.
11:59 of 2nd period - Roope Hintz wins face-off versus Corey Trivino in Rocket zone.
12:00 of 2nd period - Snap shot by Josh Jooris.
12:00 of 2nd period - Shot Misses the Net.
12:27 of 2nd period - Adam Fox is hit by Curtis Hamilton and loses puck.
12:32 of 2nd period - Wrist shot by Curtis Hamilton.
12:32 of 2nd period - Stopped by Igor Shesterkin with a rebound.
12:34 of 2nd period - Backhand shot by Curtis Hamilton.
12:34 of 2nd period - Deflect By Adam Fox.
12:34 of 2nd period - Stopped by Igor Shesterkin without a rebound.
12:35 of 2nd period - Corey Trivino wins face-off versus Cedric Paquette in Rocket zone.
12:50 of 2nd period - Wrist shot by Brandon Pirri.
12:50 of 2nd period - Stopped by Connor Hellebyuk without a rebound.
12:51 of 2nd period - Roope Hintz wins face-off versus Peter Holland in Penguins zone.
13:18 of 2nd period - Kyle Connor is hit by Corey Trivino and loses puck.
13:23 of 2nd period - Wrist shot by Mattias Tedenby.
13:23 of 2nd period - Shot Misses the Net.
13:25 of 2nd period - Backhand shot by Corey Trivino.
13:25 of 2nd period - Deflect By Mattias Tedenby.
13:25 of 2nd period - Shot Misses the Net.
13:25 of 2nd period - Puck is out of play.
13:26 of 2nd period - Roope Hintz wins face-off versus Corey Trivino in Penguins zone.
13:26 of 2nd period - Roope Hintz is hit by Corey Trivino.
14:00 of 2nd period - Slapshot by Adrian Kempe.
14:00 of 2nd period - Shot Misses the Net.
14:20 of 2nd period - Slapshot by Iven Barbashev.
14:20 of 2nd period - Deflect By Adam Fox.
14:20 of 2nd period - Shot Blocked by Viktor Loov.
14:20 of 2nd period - Puck is out of play.
14:21 of 2nd period - Roope Hintz wins face-off versus Corey Trivino in Rocket zone.
14:26 of 2nd period - Snap shot by Roope Hintz.
14:26 of 2nd period - Deflect By Andy Andreoff.
14:26 of 2nd period - Shot Blocked by Adam Fox.
14:26 of 2nd period - Puck is out of play.
14:27 of 2nd period - Corey Trivino wins face-off versus Roope Hintz in Rocket zone.
15:02 of 2nd period - Wrist shot by Danton Heinen.
15:02 of 2nd period - Shot Misses the Net.
15:04 of 2nd period - Snap shot by Peter Holland.
15:04 of 2nd period - Stopped by Connor Hellebyuk with a rebound.
16:02 of 2nd period - Snap shot by Roope Hintz.
16:02 of 2nd period - Stopped by Igor Shesterkin with a rebound.
16:36 of 2nd period - Kyle Connor is hit by Kole Sherwood and loses puck.
16:43 of 2nd period - Andrey Pedan is hit by Vince Hinostroza and loses puck.
16:47 of 2nd period - Icing by Andrei Mironov.
16:48 of 2nd period - Roope Hintz wins face-off versus Dominic Turgeon in Rocket zone.
17:05 of 2nd period - Dominic Turgeon is hit by Josh Jooris and loses puck.
17:59 of 2nd period - Snap shot by Kyle Connor.
17:59 of 2nd period - Stopped by Igor Shesterkin without a rebound.
18:00 of 2nd period - Cedric Paquette wins face-off versus Peter Holland in Rocket zone.
18:00 of 2nd period - Cedric Paquette is hit by Luca Sbisa.
18:05 of 2nd period - Snap shot by Vince Hinostroza.
18:05 of 2nd period - Shot Misses the Net.
18:15 of 2nd period - Snap shot by Cedric Paquette.
18:15 of 2nd period - Shot Misses the Net.
18:25 of 2nd period - Christopher Tanev is hit by Corey Trivino and loses puck.
19:14 of 2nd period - Ty Rattie is hit by Danny Biega and loses puck.
19:35 of 2nd period - Juuso Ikonen is hit by Mattias Tedenby and loses puck.
Goals for this period are 1 for Penguins vs 1 for Rocket.
Shots for this period are 13 for Penguins vs 11 for Rocket.
3rd period
0:01 of 3rd period - Corey Trivino wins face-off versus Josh Jooris in neutral zone.
0:04 of 3rd period - Slapshot by Viktor Loov.
0:04 of 3rd period - Deflect By Mattias Tedenby.
0:04 of 3rd period - Shot Misses the Net.
0:04 of 3rd period - Puck is out of play.
0:05 of 3rd period - Roope Hintz wins face-off versus Corey Trivino in Penguins zone.
1:13 of 3rd period - Ty Rattie is hit by John Marino and loses puck.
1:22 of 3rd period - Wrist shot by Josh Jooris.
1:22 of 3rd period - Shot Misses the Net.
1:34 of 3rd period - Danny Biega is hit by Mattias Tedenby and loses puck.
1:41 of 3rd period - Christopher Tanev is hit by Corey Trivino and loses puck.
1:52 of 3rd period - Danton Heinen is hit by Vince Hinostroza and loses puck.
2:49 of 3rd period - Andy Andreoff is hit by Ty Rattie and loses puck.
3:02 of 3rd period - Backhand shot by Anthony Beauvillier.
3:02 of 3rd period - Stopped by Igor Shesterkin without a rebound.
3:03 of 3rd period - Corey Trivino wins face-off versus Adam Brooks in Rocket zone.
3:07 of 3rd period - Off-side.
3:08 of 3rd period - Corey Trivino wins face-off versus Josh Jooris in neutral zone.
3:10 of 3rd period - Off-side.
3:11 of 3rd period - Roope Hintz wins face-off versus Corey Trivino in neutral zone.
3:13 of 3rd period - Off-side.
3:14 of 3rd period - Roope Hintz wins face-off versus Corey Trivino in neutral zone.
3:37 of 3rd period - Icing by Adam Fox.
3:38 of 3rd period - Peter Holland wins face-off versus Kyle Connor in Rocket zone.
3:49 of 3rd period - Wrist shot by Kyle Connor.
3:49 of 3rd period - Stopped by Igor Shesterkin with a rebound.
4:09 of 3rd period - Slapshot by Adam Fox.
4:09 of 3rd period - Shot Misses the Net.
4:11 of 3rd period - Wrist shot by Mattias Tedenby.
4:11 of 3rd period - Deflect By Brandon Pirri.
4:11 of 3rd period - Shot Misses the Net.
4:11 of 3rd period - Puck is out of play.
4:12 of 3rd period - Cedric Paquette wins face-off versus Corey Trivino in Penguins zone.
4:19 of 3rd period - Snap shot by Vince Hinostroza.
4:19 of 3rd period - Shot Misses the Net.
5:08 of 3rd period - Wrist shot by Jakub Vrana.
5:08 of 3rd period - Stopped by Connor Hellebyuk without a rebound.
5:09 of 3rd period - Corey Trivino wins face-off versus Kyle Connor in Penguins zone.
5:12 of 3rd period - Snap shot by Mattias Tedenby.
5:12 of 3rd period - Stopped by Connor Hellebyuk with a rebound.
5:14 of 3rd period - Snap shot by Mattias Tedenby.
5:14 of 3rd period - Stopped by Connor Hellebyuk with a rebound.
5:16 of 3rd period - Snap shot by Viktor Loov.
5:16 of 3rd period - Stopped by Connor Hellebyuk with a rebound.
5:18 of 3rd period - Snap shot by Brandon Pirri.
5:18 of 3rd period - Goal by Brandon Pirri - Penguins : 1 - Rocket : 3.
5:19 of 3rd period - Corey Trivino wins face-off versus Josh Jooris in neutral zone.
6:11 of 3rd period - Curtis Hamilton is hit by Kole Sherwood and loses puck.
6:18 of 3rd period - Dominic Turgeon is hit by Iven Barbashev and loses puck.
6:53 of 3rd period - Snap shot by Juuso Ikonen.
6:53 of 3rd period - Goal by Juuso Ikonen - Penguins : 2 - Rocket : 3.
6:54 of 3rd period - Corey Trivino wins face-off versus Roope Hintz in neutral zone.
7:01 of 3rd period - Wrist shot by Corey Trivino.
7:01 of 3rd period - Stopped by Connor Hellebyuk with a rebound.
7:45 of 3rd period - Icing by Kyle Connor.
7:46 of 3rd period - Cedric Paquette wins face-off versus Dominic Turgeon in Penguins zone.
8:24 of 3rd period - Off-side.
8:25 of 3rd period - Roope Hintz wins face-off versus Corey Trivino in neutral zone.
8:46 of 3rd period - Minor Penalty to Dean Kukan for Cross-checking.
8:47 of 3rd period - Roope Hintz wins face-off versus Dominic Turgeon in Rocket zone.
8:54 of 3rd period - Snap shot by Andy Andreoff.
8:54 of 3rd period - Deflect By Roope Hintz.
8:54 of 3rd period - Goal by Roope Hintz - Penguins : 3 - Rocket : 3.
8:55 of 3rd period - Roope Hintz wins face-off versus Mattias Tedenby in neutral zone.
9:00 of 3rd period - Slapshot by Andrew O'Brien.
9:00 of 3rd period - Stopped by Igor Shesterkin with a rebound.
9:02 of 3rd period - Slapshot by Andy Andreoff.
9:02 of 3rd period - Shot Blocked by Adam Fox.
9:04 of 3rd period - Slapshot by Christopher Tanev.
9:04 of 3rd period - Shot Misses the Net.
9:20 of 3rd period - Viktor Loov is hit by Iven Barbashev and loses puck.
9:33 of 3rd period - Slapshot by Frederick Gaudreau.
9:33 of 3rd period - Deflect By Iven Barbashev.
9:33 of 3rd period - Shot Misses the Net.
9:33 of 3rd period - Puck is out of play.
9:34 of 3rd period - Peter Holland wins face-off versus Roope Hintz in Rocket zone.
9:44 of 3rd period - Minor Penalty to Dakota Mermis for High sticking.
9:45 of 3rd period - Roope Hintz wins face-off versus Corey Trivino in Penguins zone.
10:30 of 3rd period - Slapshot by Gavin Bayreuther.
10:30 of 3rd period - Deflect By Adam Fox.
10:30 of 3rd period - Stopped by Igor Shesterkin with a rebound.
10:32 of 3rd period - Snap shot by Curtis Hamilton.
10:32 of 3rd period - Stopped by Igor Shesterkin with a rebound.
10:34 of 3rd period - Slapshot by Andrew O'Brien.
10:34 of 3rd period - Deflect By Adam Fox.
10:34 of 3rd period - Stopped by Igor Shesterkin with a rebound.
10:36 of 3rd period - Snap shot by Cedric Paquette.
10:36 of 3rd period - Goal by Cedric Paquette - Penguins : 4 - Rocket : 3.
10:37 of 3rd period - Roope Hintz wins face-off versus Corey Trivino in neutral zone.
10:46 of 3rd period - Slapshot by Luca Sbisa.
10:46 of 3rd period - Goal by Luca Sbisa - Penguins : 4 - Rocket : 4.
10:47 of 3rd period - Corey Trivino wins face-off versus Roope Hintz in neutral zone.
11:13 of 3rd period - Kyle Connor is hit by Viktor Loov and loses puck.
12:23 of 3rd period - Slapshot by Vince Hinostroza.
12:23 of 3rd period - Stopped by Igor Shesterkin with a rebound.
12:33 of 3rd period - Dean Kukan is hit by Cedric Paquette and loses puck.
12:40 of 3rd period - Brandon Pirri is hit by Gavin Bayreuther and loses puck.
13:03 of 3rd period - Slapshot by Corey Trivino.
13:03 of 3rd period - Shot Misses the Net.
13:05 of 3rd period - Wrist shot by Corey Trivino.
13:05 of 3rd period - Shot Misses the Net.
13:07 of 3rd period - Snap shot by Mattias Tedenby.
13:07 of 3rd period - Shot Blocked by Cedric Paquette.
13:09 of 3rd period - Slapshot by Andrey Pedan.
13:09 of 3rd period - Deflect By Corey Trivino.
13:09 of 3rd period - Stopped by Connor Hellebyuk with a rebound.
13:11 of 3rd period - Slapshot by Andrey Pedan.
13:11 of 3rd period - Shot Blocked by John Marino.
13:13 of 3rd period - Wrist shot by Corey Trivino.
13:13 of 3rd period - Shot Misses the Net.
13:15 of 3rd period - Snap shot by Brandon Pirri.
13:15 of 3rd period - Shot Misses the Net.
13:17 of 3rd period - Snap shot by Andrey Pedan.
13:17 of 3rd period - Stopped by Connor Hellebyuk with a rebound.
13:24 of 3rd period - Minor Penalty to Gavin Bayreuther for Hooking.
13:25 of 3rd period - Peter Holland wins face-off versus Roope Hintz in Penguins zone.
13:33 of 3rd period - Snap shot by Adrian Kempe.
13:33 of 3rd period - Goal by Adrian Kempe - Penguins : 4 - Rocket : 5.
13:34 of 3rd period - Peter Holland wins face-off versus Roope Hintz in neutral zone.
13:37 of 3rd period - Slapshot by Adam Fox.
13:37 of 3rd period - Stopped by Connor Hellebyuk with a rebound.
13:50 of 3rd period - Wrist shot by Adrian Kempe.
13:50 of 3rd period - Stopped by Connor Hellebyuk with a rebound.
14:24 of 3rd period - Kyle Connor is hit by Adam Fox and loses puck.
14:50 of 3rd period - Danny Biega is hit by Andrey Pedan and loses puck.
14:56 of 3rd period - Minor Penalty to Ty Rattie for Charging.
14:57 of 3rd period - Josh Jooris wins face-off versus Dominic Turgeon in Rocket zone.
14:57 of 3rd period - Snap shot by Roope Hintz.
14:57 of 3rd period - Shot Misses the Net.
15:07 of 3rd period - Snap shot by Luca Sbisa.
15:07 of 3rd period - Stopped by Connor Hellebyuk without a rebound.
15:08 of 3rd period - Roope Hintz wins face-off versus Dominic Turgeon in Penguins zone.
15:27 of 3rd period - Jakub Vrana is hit by Andrew O'Brien and loses puck.
16:07 of 3rd period - Icing by Josh Jooris.
16:08 of 3rd period - Roope Hintz wins face-off versus Dominic Turgeon in Penguins zone.
16:22 of 3rd period - Off-side.
16:23 of 3rd period - Dominic Turgeon wins face-off versus Cedric Paquette in neutral zone.
16:39 of 3rd period - Off-side.
16:40 of 3rd period - Cedric Paquette wins face-off versus Mason Appleton in neutral zone.
16:56 of 3rd period - Penalty to Ty Rattie is over, Ty Rattie is back on ice.
17:17 of 3rd period - Snap shot by Brandon Pirri.
17:17 of 3rd period - Stopped by Connor Hellebyuk without a rebound.
17:18 of 3rd period - Roope Hintz wins face-off versus Dominic Turgeon in Penguins zone.
17:29 of 3rd period - Snap shot by Andy Andreoff.
17:29 of 3rd period - Deflect By Andrei Mironov.
17:29 of 3rd period - Shot Hit the Post.
17:29 of 3rd period - Puck is out of play.
17:30 of 3rd period - Iven Barbashev wins face-off versus Kole Sherwood in Rocket zone.
17:31 of 3rd period - Snap shot by Frederick Gaudreau.
17:31 of 3rd period - Deflect By Adam Fox.
17:31 of 3rd period - Stopped by Igor Shesterkin without a rebound.
17:32 of 3rd period - Dominic Turgeon wins face-off versus Frederick Gaudreau in Rocket zone.
17:59 of 3rd period - Snap shot by Corey Trivino.
17:59 of 3rd period - Shot Misses the Net.
18:01 of 3rd period - Wrist shot by Brandon Pirri.
18:01 of 3rd period - Stopped by Connor Hellebyuk without a rebound.
18:02 of 3rd period - Roope Hintz wins face-off versus Corey Trivino in Penguins zone.
18:04 of 3rd period - Minor Penalty to Josh Jooris for Interference.
18:05 of 3rd period - Corey Trivino wins face-off versus Roope Hintz in Penguins zone.
18:40 of 3rd period - Dakota Mermis is hit by Danton Heinen and loses puck.
Goals for this period are 3 for Penguins vs 3 for Rocket.
Shots for this period are 11 for Penguins vs 15 for Rocket.